 Dungeon Crawl Stone Soup version 0.27-a0-1177-g245c70e1c0 (webtiles) character file.

Game seed: 408175984629195792

83 DemonSlayer the Slasher (level 4, -2/36 HPs)
             Began as a Human Berserker on May 17, 2021.
             Was a Believer of Trog.
             Slain by Natasha (8 damage)
             ... on level 2 of the Dungeon.
             The game lasted 00:06:08 (2764 turns).

DemonSlayer the Slasher (Human Berserker)           Turns: 2764, Time: 00:06:09

Health: -2/36      AC:  5    Str: 18    XL:     4   Next: 71%
Magic:  4/4        EV: 11    Int:  7    God:    Trog [**....]
Gold:   43         SH:  0    Dex: 13    Spells: 3/3 levels left

rFire    . . .     SeeInvis .   a - +1 falchion (venom)
rCold    . . .     Faith    .   (no shield)
rNeg     + . .     Spirit   .   c - +0 ring mail
rPois    .         Reflect  .   (no helmet)
rElec    .         Harm     .   (no cloak)
rCorr    .         Rampage  .   (no gloves)
Will     .....                  (no boots)
Stlth    +.........             g - amulet of the acrobat
HPRegen  0.12/turn              i - ring of positive energy
MPRegen  0.09/turn              (no ring)

@: on berserk cooldown, slowed, very slow
A: no striking features
a: Renounce Religion, Berserk, Trog's Hand


You were on level 2 of the Dungeon.
You worshipped Trog.
Trog was pleased with you.
You visited 1 branch of the dungeon, and saw 2 of its levels.

You collected 43 gold pieces.

Inventory:

Hand Weapons
 a - a +1 falchion of venom (weapon)
Armour
 b - a +0 animal skin
 c - a +0 ring mail (worn)
Jewellery
 g - an amulet of the acrobat (around neck)
 i - a ring of positive energy (left hand)
Scrolls
 e - a scroll of fog
 f - a scroll of vulnerability
Potions
 d - 2 potions of heal wounds {unknown}
 h - a potion of magic {unknown}


   Skills:
 + Level 3.6 Fighting
 + Level 4.0 Long Blades
 + Level 2.5 Armour
 + Level 2.3 Dodging
 + Level 0.2 Stealth


You had 3 spell levels left.
You didn't know any spells.
Your spell library contained the following spells:

 Spells                   Type           Power      Damage    Failure   Level
 Animate Skeleton         Necr           0%         N/A       63%         1
 Apportation              Tloc           0%         N/A       63%         1
 Corona                   Hex            0%         N/A       63%         1
 Summon Small Mammal      Summ           0%         N/A       63%         1


Dungeon Overview and Level Annotations

Branches:
Dungeon (2/15)

Altars:

Annotations:
D:2 Natasha


Message History

The ball python hisses angrily.
Natasha casts a spell at you. The magic dart hits you.
You hit the shadow imp but do no damage.
The shadow imp gestures at you. Pain shoots through your body!
A red film seems to cover your vision as you go berserk!
You feel yourself moving faster!
You feel mighty! The ball python barely misses you.
You riposte.
You closely miss the ball python. The ball python grabs you.
The ball python constricts you. The shadow imp hits you.
You completely miss the shadow imp.
The ball python bites you but does no damage.
The ball python constricts you.
You slash the shadow imp!
The shadow imp is poisoned.
The shadow imp is almost dead.
The shadow imp summons a swarm of flies.
The shadow imp barely misses you. The ball python barely misses you.
The ball python constricts you. Natasha claws you.
You slash the shadow imp!
You kill the shadow imp!
The ball python bites you but does no damage.
The ball python constricts you.
You escape the ball python's grasp.
Natasha stares at you and mumbles some strange words.
The magic dart hits you.
You slash the ball python!
You kill the ball python!
Trog accepts your kill. Natasha claws you.
You feel a strong urge to attack something.
Natasha claws you.
* * * LOW HITPOINT WARNING * * *
Natasha claws you.
* * * LOW HITPOINT WARNING * * *
You closely miss Natasha.
You are no longer berserk.
You are exhausted.
You feel yourself slow down. Natasha claws you!
You die...

##..........#
#..........#
#########.#### ##.......
##........
##########.........
#####..................
###..÷.÷########h...(....
....##### #@........
##### #.........
##........ ##.....#.
######


You could see Natasha.

Vanquished Creatures
  Natasha (D:2)
  An adder (D:2)
  A worm (D:2)
  3 dart slugs (D:1)
  2 ball pythons
  5 bats
  3 endoplasms
  2 giant cockroaches (D:1)
  3 goblins (D:1)
  2 hobgoblins (D:2)
  3 jackals (D:2)
  4 kobolds
  3 quokkas (D:1)
  A frilled lizard (D:1)
  3 rats (D:1)
37 creatures vanquished.

Notes
Turn   | Place    | Note
-------+----------+-------------------------------------------
     0 | D:1      | DemonSlayer the Human Berserker began the quest for the
                  | Orb.
     0 | D:1      | Reached XP level 1. HP: 18/18 MP: 1/1
   109 | D:1      | Reached XP level 2. HP: 24/24 MP: 2/2
   596 | D:1      | Reached XP level 3. HP: 26/29 MP: 3/3
  1542 | D:2      | Found a faded altar of an unknown god.
  1568 | D:1      | Reached XP level 4. HP: 35/35 MP: 4/4
  2374 | D:2      | Reached ** piety under Trog
  2433 | D:2      | Noticed Natasha
  2440 | D:2      | Killed Natasha
  2441 | D:2      | Reached skill level 4 in Long Blades
  2751 | D:2      | Noticed Natasha
  2764 | D:2      | Slain by Natasha

Illustrated notes

Levels and vault maps discovered:
D:1:      saegor_arrival_simple_b, layout_basic, minmay_tromino_i2
D:2:      layout_rooms, hellmonk_ecumenical_altar_lost_god, grunt_ministairs_3,
          uniq_natasha, uniq_robin

Skill      XL: |  1  2  3  4 |
---------------+-------------+-----
Long Blades    | 4 |  4.0
Fighting       | |  3.6
Armour         | |  2.5
Dodging        | |  2.3
Stealth        | |  0.2

Action                   |  1- 3 |  4- 6 || total
-------------------------+-------+-------++-------
Melee: Falchion          |    45 |    20 ||    65
Invok: Berserk           |     3 |     2 ||     5
  Use: Scroll            |     4 |       ||     4
Armor: Ring mail         |    17 |     6 ||    23
Dodge: Dodged            |    46 |    10 ||    56
       Rpst.: Falchion   |    13 |     4 ||    17

Table legend: (Time is in decaauts)
 A = Elapsed time spent in this place.
 B = Non-inter-level travel time spent in this place.
 C = Inter-level travel time spent in this place.
 D = Time resting spent in this place.
 E = Time spent auto-exploring this place.
 F = Levels seen in this place.
 G = Mean time per level.
                   A        B        C        D        E       F      G
               +--------+--------+--------+--------+--------+-----+--------+
         Total |   2811 |   2811 |      0 |   1546 |    760 |   2 | 1405.5 |
       Dungeon |   2811 |   2811 |      0 |   1546 |    760 |   2 | 1405.5 |
               +--------+--------+--------+--------+--------+-----+--------+

Top non-repeatable levels by time:
     D:1: 2077 daAuts
     D:2: 733 daAuts
